 Seeded DCSS version 0.30.0-19-g36f170ea60 (webtiles) character file.

Game seed: 5 (custom seed)

5864 Kazon the Covert (level 10, -18/65 HPs)
             Began as an Octopode Brigand on May 25, 2023.
             Was an Elder of Okawaru.
             Demolished by a polar bear (27 damage)
             ... on level 8 of the Dungeon on May 26, 2023.
             The game lasted 00:33:54 (6021 turns).

Kazon the Covert (Octopode Brigand)                 Turns: 6021, Time: 00:33:55

Health: -18/65     AC:  1    Str: 12    XL:     10   Next: 81%
Magic:  0/23       EV: 23    Int: 14    God:    Okawaru [****..]
Gold:   439        SH:  7    Dex: 22    Spells: 9/9 levels left

rFire   . . .        v - +0 hand axe (vamp)
rCold   . . .        h - +0 buckler
rNeg    . . .        (helmet restricted)
rPois   .            B - amulet of guardian spirit
rElec   .            q - ring of magical power
rCorr   .            y - +6 ring of dexterity
SInv    .            (no ring)
Will    .....        (no ring)
Stlth   ++++++++     (no ring)
HPRegen 0.30/turn    (no ring)
MPRegen 0.18/turn    (no ring)
                     (no ring)

%: guardian spirit
@: heroic, studying Dodging
A: almost no armour, amphibious, 8 rings, camouflage 1, gelatinous body 1,
(nimble swimmer 1), tentacles
a: Renounce Religion, Heroism, Finesse


You were on level 8 of the Dungeon.
You worshipped Okawaru.
Okawaru was greatly pleased with you.
You visited 2 branches of the dungeon, and saw 9 of its levels.
You also visited: Ossuary.

You collected 439 gold pieces.

Inventory:

Hand Weapons
 a - a +2 dagger
 e - a +2 vampiric dagger
 f - a +0 hand axe of flaming
 v - a +0 vampiric hand axe (weapon)
Missiles
 b - 16 poisoned darts (quivered)
 d - 3 curare-tipped darts
 j - 8 stones
 n - 4 atropa-tipped darts
 K - 14 boomerangs
Armour
 c - a +0 tower shield
 h - a +0 buckler (worn)
Jewellery
 q - a ring of magical power (left tentacle)
 y - a +6 ring of dexterity (right tentacle)
 B - an amulet of guardian spirit (around mantle)
Wands
 w - a wand of paralysis (8)
 L - a wand of light (7)
Scrolls
 i - a scroll of fog {unknown}
 k - 2 scrolls of vulnerability {unknown}
 l - 2 scrolls of teleportation {unknown}
 m - 2 scrolls of summoning {unknown}
 o - 2 scrolls of magic mapping {unknown}
 p - a scroll of blinking {unknown}
 x - a scroll of amnesia {unknown}
 D - a scroll of poison {unknown}
 E - a scroll of torment {unknown}
 F - a scroll of enchant armour {unknown}
 G - 2 scrolls of fear {unknown}
 J - a scroll of enchant weapon {unknown}
Potions
 g - a potion of resistance
 r - 4 potions of curing
 s - 5 potions of flight {unknown}
 t - a potion of berserk rage
 u - 2 potions of invisibility {unknown}
 z - 4 potions of heal wounds {unknown}
 A - a potion of lignification
 C - 4 potions of attraction {unknown}
 H - 2 potions of brilliance {unknown}
 I - a potion of haste


   Skills:
 + Level 4.4(9.4) Fighting
 + Level 5.6(10.6) Short Blades
 + Level 4.2(9.2) Axes
 + Level 4.8(9.8) Throwing
 * Level 7.6(12.6) Dodging
 + Level 11.7(16.7) Stealth
 + Level 4.4(9.4) Shields
 * Level 6.1 Invocations
 + Level 5.7 Evocations


You had 9 spell levels left.
You didn't know any spells.
Your spell library contained the following spells:

 Spells                   Type           Power      Damage    Failure   Level
 Frozen Ramparts          Ice            0%         1d1       73%         3
 Ignite Poison            Fire/Tmut/Pois 0%         N/A       73%         3
 Ice Form                 Ice/Tmut       0%         N/A       98%         4
 Sticky Flame             Conj/Fire      0%         2d3       98%         4
 Eringya's Noxious Bog    Tmut/Pois      0%         N/A       100%        6
 Ignition                 Fire           0%         3d3       100%        8
 Summon Ice Beast         Ice/Summ       Unusable   N/A       N/A         4
 Summon Forest            Summ/Tloc      Unusable   N/A       N/A         5
 Summon Hydra             Summ           Unusable   N/A       N/A         7

Dungeon Overview and Level Annotations

Branches:
Dungeon (8/15)             Temple (1/1) D:4            Lair (0/5) D:8
Ossuary (visited)

Altars:
Dithmenos
Fedhas
Gozag
Hepliaklqana
Okawaru
Qazlal
Trog
Uskayaw
Wu Jian
Xom
The Shining One


Innate Abilities, Weirdness & Mutations

You cannot wear most types of armour.
You are amphibious.
You can wear up to eight rings at the same time.
Your skin changes colour to match your surroundings (Stealth+).
Your rubbery body absorbs attacks. (AC +1, EV +1)
((You are camouflaged when in or above water. (Stealth+)))
You have tentacles for arms and can constrict up to eight enemies at once.


Message History

The polar bear claws you.
You hit the polar bear but do no damage.
The polar bear is heavily wounded.
You block the polar bear's attack. The polar bear claws you. x2
You hit the polar bear. Your squeeze misses the polar bear.
The polar bear is heavily wounded.
The polar bear misses you. You block the polar bear's attack.
The polar bear claws you.
* * * LOW HITPOINT WARNING * * *
You gain the combat prowess of a mighty hero.
The polar bear misses you. The polar bear closely misses you.
You block the polar bear's attack.
You hit the polar bear.
The polar bear is severely wounded.
The polar bear goes berserk!
You hit the polar bear.
You feel better.
You tentacle-slap the polar bear, but do no damage.
The polar bear is severely wounded.
The polar bear misses you. x2; The polar bear claws you.
* * * LOW HITPOINT WARNING * * *
You hit the polar bear but do no damage.
The polar bear is severely wounded.
You block the polar bear's attack. The polar bear claws you.
* * * LOW HITPOINT WARNING * * *
You block the polar bear's attack. x2; The polar bear completely misses you.
The polar bear closely misses you.
You hit the polar bear.
You feel better.
You squeeze the polar bear!
The polar bear is almost dead.
You block the polar bear's attack. x2; The polar bear claws you.
You hit the polar bear but do no damage.
The polar bear is almost dead.
The polar bear bites you!
* * * LOW HITPOINT WARNING * * *
The polar bear completely misses you. The polar bear barely misses you.
You closely miss the polar bear.
You squeeze the polar bear, but do no damage.
The polar bear is almost dead.
You block the polar bear's attack. The polar bear closely misses you.
The polar bear completely misses you. The polar bear bites you!!
You die...

#.#..###..# ##..#
.........## ##...##
..........###.....###
####.............#..# .
.##....<..#.........###.#
.......)###......)......#
###.....(.....))......##
# ##.................>.#
#............@.###..#
#......#..####h# ...
.....)....# ..# ..
.~≈~≈~!...## ....
..~..~.~.... ...... ....F
....###. ..... #. ~S###~
#.


You could see a polar bear (berserk).

Vanquished Creatures
  A two-headed ogre (D:7)
  A polar bear (D:8)
  Sigmund (D:4)
  A wyvern (D:8)
  2 basilisks (D:8)
  Duvessa (D:6)
  5 water moccasins
  An ice beast (D:8)
  A sky beast (D:7)
  5 black bears
  2 wolves (D:8)
  2 centaurs
  2 ogres
  An elf zombie (Ossuary)
  A kobold brigand (D:7)
  A bullfrog (D:8)
  3 scorpions
  15 wights
  4 killer bees (D:7)
  Dowan (D:6)
  A howler monkey (D:6)
  A vampire bat (D:7)
  A centaur zombie (Ossuary)
  6 hounds
  3 orc priests (D:6)
  3 human zombies (Ossuary)
  A jelly (D:5)
  6 iguanas
  7 orc wizards
  4 ogre zombies (Ossuary)
  A centaur simulacrum (D:8)
  7 mummies (Ossuary)
  7 gnolls
  9 adders
  A shadow imp (D:8)
  A white imp (D:7)
  2 ufetubi
  A worm zombie (D:7)
  2 adder zombies (Ossuary)
  3 worms
  19 orcs
  12 bats
  8 endoplasms
  A giant cockroach (D:1)
  12 goblins
  7 hobgoblins
  11 jackals
  10 kobolds
  3 quokkas (D:4)
  6 ball pythons
  3 frilled lizards
  4 goblin zombies (Ossuary)
  6 hobgoblin zombies
  3 kobold zombies
  4 quokka zombies (Ossuary)
  4 rats
  4 rat zombies (Ossuary)
235 creatures vanquished.

Vanquished Creatures (others)
  An orc wizard (D:6)
1 creature vanquished.

Grand Total: 236 creatures vanquished

Notes
Turn   | Place    | Note
-------+----------+-------------------------------------------
     0 | D:1      | Kazon the Octopode Brigand began the quest for the Orb.
     0 | D:1      | Reached XP level 1. HP: 14/14 MP: 1/1
    39 | D:1      | Identified a scroll of acquirement
    39 | D:1      | Acquired a manual of Dodging
   103 | D:1      | Reached XP level 2. HP: 19/19 MP: 2/2
   394 | D:1      | Reached skill level 6 in Stealth
   403 | D:1      | Reached XP level 3. HP: 22/24 MP: 3/3
   942 | D:2      | Reached XP level 4. HP: 29/29 MP: 4/4
  1197 | D:2      | Reached skill level 1 in Shields
  1487 | D:3      | Found a blossoming altar of Fedhas.
  1554 | D:3      | Reached XP level 5. HP: 20/35 MP: 5/5
  1643 | D:3      | Found a stormy altar of Qazlal.
  1870 | D:3      | Identified the +2 sling "Qeuhanocyt" {speed, rElec Str-3
                  | Dex+2}
  1887 | D:3      | Found a faded altar of an unknown god.
  1967 | D:4      | Found a staircase to the Ecumenical Temple.
  1975 | Temple   | Entered the Ecumenical Temple
  1989 | Temple   | Became a worshipper of Warmaster Okawaru
  2038 | D:4      | Noticed Sigmund
  2042 | D:4      | Killed Sigmund
  2042 | D:4      | Reached * piety under Okawaru
  2043 | D:4      | Reached skill level 7 in Stealth
  2043 | D:4      | Reached skill level 1 in Invocations
  2043 | D:4      | Reached XP level 6. HP: 41/41 MP: 6/6
  2058 | D:4      | Noticed a black bear
  2070 | D:4      | Killed a black bear
  2098 | D:4      | Found a hazy altar of Hepliaklqana.
  2103 | D:4      | Found a shadowy altar of Dithmenos.
  2103 | D:4      | Noticed a shadow
  2140 | D:4      | Noticed a black bear
  2147 | D:4      | Killed a black bear
  2148 | D:4      | Reached skill level 1 in Evocations
  2148 | D:4      | Reached XP level 7. HP: 44/45 MP: 8/8
  2431 | D:4      | Reached skill level 8 in Stealth
  2715 | D:5      | Entered Level 5 of the Dungeon
  2860 | D:5      | Reached XP level 8. HP: 47/51 MP: 10/10
  3032 | D:5      | Reached ** piety under Okawaru
  3033 | D:5      | Reached skill level 9 in Stealth
  3284 | D:6      | Noticed Dowan
  3305 | D:6      | Killed Dowan
  3306 | D:6      | Noticed Duvessa
  3325 | D:6      | Killed Duvessa
  3493 | D:6      | Reached skill level 1 in Axes
  3684 | D:6      | Found a shimmering altar of Xom.
  3832 | D:7      | Reached *** piety under Okawaru
  3833 | D:7      | Reached XP level 9. HP: 51/57 MP: 11/11
  3838 | D:7      | Noticed a two-headed ogre
  3841 | D:7      | Killed a two-headed ogre
  3842 | D:7      | Reached skill level 5 in Short Blades
  3842 | D:7      | Reached skill level 10 in Stealth
  3942 | D:7      | Found a sand-covered staircase.
  3958 | Ossuary  | Entered an ossuary
  3959 | Ossuary  | Upgraded the game from 0.30.0-18-gc0e69614cb to
                  | 0.30.0-19-g36f170ea60
  4011 | Ossuary  | Reached **** piety under Okawaru
  4086 | Ossuary  | Reached skill level 5 in Dodging
  4508 | D:7      | Reached skill level 5 in Invocations
  4540 | D:7      | Received a gift from Okawaru
  4550 | D:7      | Reached skill level 11 in Stealth
  4555 | D:7      | Reached XP level 10. HP: 61/63 MP: 13/13
  4583 | D:7      | Reached skill level 5 in Evocations
  5485 | D:8      | Received a gift from Okawaru
  5707 | D:8      | Found a staircase to the Lair.
  6021 | D:8      | Demolished by a polar bear

Illustrated notes

Levels and vault maps discovered:
D:1:      ebering_trefoil_3fold, layout_basic, st_stairs_14, serial_bayou_ford_a
D:2:      layout_basic, hangedman_decor_growths, minmay_close_crescents
D:3:      layout_rooms, mainiacjoe_overflow_concentric_impassable,
          mainiacjoe_overflow_paths, shapermc_ecumenical_altar_acropolis,
          chequers_serial_rivers_micro_b
D:4:      layout_basic, riverfiend_overflow_shadow_ancestor,
          minmay_temple_entry_glass, uniq_sigmund
D:5:      layout_gridville
D:6:      layout_basic, xom_teletrap_fun, uniq_duvessa
D:7:      layout_loops_ring, enter_ossuary_3, roderic_batcave
D:8:      layout_layer_cave, minmay_lair_entry_grove, serial_shops,
          nicolae_lakefront_shop, serial_ice, serial_ice_o, serial_ice_d,
          serial_ice_k, serial_ice_a
Temple:   nicolae_temple_elliptical

Skill      XL: |  1  2  3  4  5  6  7  8  9 10 |
---------------+-------------------------------+-----
Stealth        | 6 7 8 9 11 | 11.7
Shields        | 1 2 3 4 |  4.4
Short Blades   | 3 4 5 |  5.6
Invocations    | 1 2 3 5 6 |  6.1
Dodging        | 2 3 5 7 |  7.6
Evocations     | 1 2 3 4 5 |  5.7
Throwing       | 3 4 |  4.8
Fighting       | 3 4 |  4.4
Axes           | 1 3 4 |  4.2

Action                     |  1- 3 |  4- 6 |  7- 9 | 10-12 || total
---------------------------+-------+-------+-------+-------++-------
  Melee: Dagger            |    62 |    79 |   225 |    72 ||   438
         Constrict         |    14 |    18 |    48 |    29 ||   109
         Tentacles         |    10 |    18 |    71 |    61 ||   160
         Punch             |     1 |     1 |     6 |     9 ||    17
         Hand axe          |       |       |    53 |   142 ||   195
  Throw: Boomerang         |     8 |     7 |       |     4 ||    19
         Stone             |       |    12 |    42 |       ||    54
         Dart              |       |     1 |    33 |     2 ||    36
 Invoke: Heroism           |       |       |     2 |     4 ||     6
         Finesse           |       |       |       |     1 ||     1
    Use: Scroll            |     1 |       |     4 |     1 ||     6
         Potion            |       |       |       |     2 ||     2
   Stab: Sleeping          |     9 |    13 |    52 |    11 ||    85
         Distracted        |       |       |       |     1 ||     1
 Armour: Skin              |     5 |     5 |     5 |     5 ||    20
  Dodge: Dodged            |    30 |    37 |   135 |   103 ||   305
  Block: Tower shield      |       |       |    14 |       ||    14
         Buckler           |       |       |     2 |    55 ||    57
